Map: Золотые столпы РВ

Players

Lambo

  • Race: Zerg Zerg
  • League: Grandmaster
  • Spawn Location: 1:00

MindelVK - Winner!

  • Race: Protoss Protoss
  • League: Grandmaster
  • Spawn Location: 7:00

VOD

Have the link to the VOD?

Description

Time

  • Played on: Nov. 24, 2020, 11:19 a.m.
  • Length: 6:34
Show
View Real Time Build Order
Export as new Build Order

Lambo Zerg 

Build Orders: Hatch First 

Get SALT Encoding   

  12  0:00  Drone  
  13  0:12  Overlord  
  13  0:18  Drone  
  14  0:31  Drone x2  
  16  0:50  Hatchery  
  16  0:53  Drone  
  16  0:57  Drone  
  16  1:00  Drone  
  18  1:10  Extractor  
  17  1:16  Spawning Pool  
  16  1:19  Drone  
  16  1:23  Drone  
  18  1:30  Drone  
  19  1:41  Drone  
  20  1:50  Overlord  
  20  2:02  Queen x2  
  20  2:03  Zergling x4  
  26  2:11  Drone  
  26  2:13  Drone  
  28  2:18  Metabolic Boost  
  28  2:22  Drone  
  29  2:27  Drone  
  30  2:33  Drone  
  30  2:35  Drone  
  32  2:44  Hatchery  
  31  2:48  Drone  
  31  2:51  Overlord  
  32  2:58  Drone  
  32  3:00  Queen  
  32  3:04  Drone  
  36  3:11  Drone x2  
  38  3:16  Overlord, Drone  
  38  3:19  Drone x2  
  41  3:24  Queen  
  41  3:25  Drone  
  43  3:29  Spore Crawler  
  43  3:30  Drone  
  43  3:36  Queen  
  43  3:40  Drone x2  
  47  3:43  Spore Crawler  
  47  3:46  Zergling x4  
  48  3:49  Zergling x2  
  48  3:52  Overlord  
  48  3:54  Drone  
  50  3:56  Overlord  
  50  4:09  Overlord  
  50  4:10  Drone x5  
  50  4:12  Drone  
  50  4:16  Queen  
  56  4:19  Drone x2  
  56  4:20  Drone  
  61  4:25  Roach Warren  
  61  4:30  Overlord  
  61  4:31  Drone x2  
  61  4:34  Drone x2  
  61  4:36  Drone  
  61  4:37  Drone  
  66  4:42  Lair  
  66  4:43  Drone  
  66  4:44  Drone  
  68  4:48  Drone x3  
  68  4:50  Drone  
  70  4:58  Zergling x12  
  75  5:03  Extractor x2  
  75  5:04  Zergling x6, Extractor  
  75  5:10  Overlord  
  75  5:14  Overlord  
  75  5:19  Drone  
  75  5:20  Drone  
  77  5:22  Drone  
  77  5:24  Drone  
  77  5:26  Drone x2  
  77  5:27  Overlord  
  81  5:32  Overlord  
  81  5:33  Overlord  
  81  5:40  Roach x6  
  91  5:43  Roach  
  91  5:46  Roach  
  90  5:51  Roach  
  90  5:55  Roach x3  
  92  5:58  Roach  
  92  6:01  Roach  
  94  6:08  Roach x3  
  98  6:12  Zergling x4  
  98  6:13  Overlord  
Show
View Real Time Build Order
Export as new Build Order

MindelVK Protoss - Winner!

Build Orders: 1 Gate Expand 

Get SALT Encoding   

  12  0:01  Probe  
  13  0:14  Probe  
  14  0:18  Pylon  
  14  0:26  Probe (Chrono Boost)  
  15  0:38  Probe (Chrono Boost)  
  15  0:40  Gateway  
  16  0:46  Probe (Chrono Boost)  
  16  0:49  Assimilator  
  17  0:52  Probe  
  18  1:04  Probe  
  19  1:16  Probe  
  20  1:27  Nexus  
  20  1:37  Cybernetics Core  
  20  1:39  Probe  
  21  1:48  Assimilator  
  21  1:51  Probe  
  22  1:54  Pylon  
  22  2:03  Probe  
  23  2:10  Adept (Chrono Boost)  
  23  2:11  Probe  
  26  2:19  Probe  
  26  2:22  Stargate  
  27  2:30  Probe  
  28  2:38  Stalker  
  28  2:42  Probe (Chrono Boost)  
  32  2:48  Probe (Chrono Boost)  
  32  2:50  Warp Gate  
  32  2:53  Probe (Chrono Boost)  
  32  2:55  Probe (Chrono Boost)  
  34  2:59  Probe  
  34  3:02  Pylon  
  34  3:04  Void Ray (Chrono Boost)  
  35  3:06  Probe  
  35  3:11  Probe  
  41  3:29  Twilight Council  
  41  3:33  Gateway  
  41  3:44  Assimilator, Gateway  
  41  3:45  Gateway  
  41  3:49  Robotics Facility  
  41  4:03  Charge (Chrono Boost)  
  41  4:11  Gateway  
  41  4:13  Gateway  
  41  4:15  Gateway  
  41  4:16  Gateway  
  41  4:27  Pylon x2  
  41  4:34  Warp Prism (Chrono Boost)  
  43  4:43  Nexus  
  43  4:47  Pylon  
  43  4:50  Adept  
  43  4:56  Zealot x2  
  43  4:59  Zealot  
  49  5:19  Zealot x3  
  49  5:20  Zealot x2  
  59  5:21  Zealot  
  59  5:23  Zealot  
  63  5:43  Zealot x5  
  73  6:01  Zealot x2  
  73  6:02  Zealot  
  73  6:03  Zealot x3  
  85  6:12  Zealot x2  
  85  6:25  Zealot x4  
  89  6:31  Zealot  
Tags
 
Add a new tag
Caveats
  • Supply blocks, unpowered buildings, or Contaminate may cause inaccurate times.
  • Supply counts are checked every 10 seconds.